Map: Cactus Valley LE (Void)

Players

Topin - Winner!

  • Race: Terran Terran
  • League: Grandmaster

Javert

  • Race: Zerg Zerg
  • League: Grandmaster

VOD

Have the link to the VOD?

Description

Time

  • Played on: July 11, 2015, 10:13 p.m.
  • Length: 1:51
Show
View Real Time Build Order
Export as new Build Order

Topin Terran - Winner!

Build Orders:  

Get SALT Encoding   

  12  0:02  SCV  
  13  0:14  SCV  
  14  0:18  Supply Depot  
  14  0:26  SCV  
  15  0:39  SCV  
  15  0:41  Barracks  
  16  0:51  SCV  
  17  1:03  SCV  
  18  1:15  SCV  
  19  1:19  Command Center  
  19  1:32  Marine  
  20  1:39  Supply Depot  
  20  1:45  Refinery  
Show
View Real Time Build Order
Export as new Build Order

Javert Zerg 

Build Orders: Hatch First 

Get SALT Encoding   

  12  0:02  Drone  
  13  0:13  Overlord  
  13  0:25  Drone  
  14  0:34  Drone  
  15  0:46  Hatchery  
  14  0:50  Drone  
  14  0:54  Drone  
  16  0:57  Extractor  
  16  1:00  Drone  
  16  1:10  Drone  
  17  1:24  Spawning Pool  
  17  1:25  Drone  
  17  1:32  Drone  
Tags
 
Add a new tag
Caveats
  • Supply blocks, unpowered buildings, or Contaminate may cause inaccurate times.
  • Supply counts are checked every 10 seconds.